 Dungeon Crawl Stone Soup version bcrawl-1.19.2-6-g6a88ae04c9 (webtiles) character file.

Game seed: 4821340459883304834

1045 Mrkan the Skirmisher (level 8, -4/73 HPs)
             Began as a Hill Orc Fighter on Jan 14, 2020.
             Was an Initiate of Ru.
             Killed by divine providence
             ... invoked by an orc priest
              (11 damage)
             ... on level 5 of the Dungeon.
             The game lasted 00:06:34 (4443 turns).

Mrkan the Skirmisher (Hill Orc Fighter)             Turns: 4443, Time: 00:06:35

Health: -4/73      AC: 14    Str: 21    XL:     8   Next: 25%
Magic:  8/8        EV:  6    Int:  8    God:    Ru [......]
Gold:   164        SH: 10    Dex: 10    Spells: 7/7 levels left

rFire    . . .     SeeInvis .   v - +1 whip (flame)
rCold    . . .     Gourm    .   c - +0 shield
rNeg     . . .     Faith    .   e - +0 chain mail
rPois    .         Spirit   .   u - +0 helmet
rElec    .         Reflect  .   w - +0 cloak
rCorr    .         Harm     .   q - +0 pair of gloves
MR       .....                  (no boots)
Stlth    ..........             (no amulet)
HPRegen  0.22/turn              (no ring)
MPRegen  0.11/turn              (no ring)

@: no status effects
A: no striking features
a: Renounce Religion, Convert to Beogh


You were on level 5 of the Dungeon.
You worshipped Ru.
Ru was noncommittal.
You were not hungry.

You visited 1 branch of the dungeon, and saw 5 of its levels.

You collected 164 gold pieces.

Inventory:

Hand Weapons
 a - a +0 long sword
 v - a +1 whip of flaming (weapon)
Armour
 c - a +0 shield (worn)
 e - a +0 chain mail (worn)
 q - a +0 pair of gloves (worn)
 u - a +0 helmet (worn)
 w - a +0 cloak (worn)
Jewellery
 j - an uncursed ring of protection from fire {unknown}
 s - a cursed amulet of inaccuracy {unknown}
 t - an uncursed ring of ice {unknown}
Wands
 x - a wand of iceblast (9)
Scrolls
 h - 4 scrolls of identify {unknown}
 i - a scroll of teleportation {unknown}
 k - 2 scrolls of magic mapping {unknown}
 l - 5 scrolls of remove curse {unknown}
 m - 2 scrolls of fear {unknown}
 p - a scroll of amnesia {unknown}
Potions
 b - a potion of magic {unknown}
 d - a potion of might
 g - a potion of heal wounds {unknown}
 n - a potion of berserk rage {unknown}
 o - a potion of agility {unknown}
 r - a potion of brilliance {unknown}
Comestibles
 f - 9 rations {!d}
 z - a chunk of flesh


   Skills:
 * Level 7.0 Fighting
   Level 7.0 Short Blades
   Level 7.0 Long Blades
   Level 7.0 Axes
   Level 7.0 Maces & Flails
   Level 7.0 Polearms
   Level 7.0 Staves
 + Level 6.1 Armour
 + Level 6.0 Shields
   Level 7.0 Unarmed Combat


You had 7 spell levels left.
You didn't know any spells.
Your spell library was empty.

Dungeon Overview and Level Annotations

Branches:
Dungeon (5/12)             Temple (0/1) D:4

Altars:
Ru

Shops:
D:5 *


Message History

The orc priest mumbles some strange prayers to Beogh against you.
Beogh smites you!
A puff of flame appears from out of thin air!
The puff of flame hits you!
* * * LOW HITPOINT WARNING * * *
You hear the brisk rusting of a distant drain.
The crimson imp blinks!
The orc wizard points at you and mumbles some strange words.
The magic dart hits you!
The orc priest invokes the aid of Beogh against you.
Beogh smites you!
* * * LOW HITPOINT WARNING * * *
A magic dart appears from out of thin air!
The magic dart hits you!
* * * LOW HITPOINT WARNING * * *
The orc wizard points at you and mumbles some strange words.
You resist with some effort.
The orc priest mumbles some strange prayers to Beogh against you.
Beogh smites you!
You die...

#..>....... #.#.#.#....#..#
#.....####....## ..#.##.
####.#####.......# #.#....
#................# #......
#................# #.#....
#................# #.#....
#................# #......
#..............@.#########....#.
#.........#####..........#......
#.........# #.......oo.........
#.........####8.....[.o......)..
#)..................)...........
#...........8.∩.8..####.........
#..................# #.##.#.##.
#########....^8....# #...)#....
#).........# ####....#.


You could see an orc priest, an orc wizard and an orc.

Vanquished Creatures
  Pikel (D:4)
  An ogre (D:4)
  A big kobold (D:4)
  A scorpion (D:4)
  A crimson imp (D:5)
  3 orc wizards (D:4)
  An orc priest (D:4)
  A gnoll shaman (D:5)
  An iguana (D:4)
  3 worker ants
  Robin (D:4)
  2 adders (D:3)
  3 gnolls (D:5)
  An ooze (D:3)
  An adder zombie (D:5)
  An adder skeleton (D:5)
  5 dart slugs (D:1)
  A worm (D:3)
  2 leopard geckos
  4 orcs
  2 ball pythons
  6 bats
  2 giant cockroaches (D:1)
  9 goblins
  10 hobgoblins
  16 jackals
  2 kobolds
  A quokka (D:1)
  2 frilled lizards (D:1)
  A leopard gecko skeleton (D:4)
  7 rats
93 creatures vanquished.

Notes
Turn   | Place    | Note
-------+----------+-------------------------------------------
     0 | D:1      | Mrkan the Hill Orc Fighter began the quest for the Orb.
     0 | D:1      | Reached XP level 1. HP: 20/20 MP: 1/1
    87 | D:1      | Reached XP level 2. HP: 18/27 MP: 2/2
   329 | D:1      | Reached XP level 3. HP: 32/34 MP: 3/3
  1932 | D:3      | Reached XP level 4. HP: 39/41 MP: 4/4
  1958 | D:3      | Found a faded altar of an unknown god.
  2096 | D:3      | Found a sacrificial altar of Ru.
  2156 | D:3      | Became a worshipper of Ru the Awakened
  2582 | D:4      | Reached skill level 5 in Fighting
  2582 | D:4      | Reached XP level 5. HP: 43/48 MP: 5/5
  2636 | D:4      | Found a staircase to the Ecumenical Temple.
  3006 | D:4      | Reached XP level 6. HP: 37/56 MP: 6/6
  3569 | D:4      | Noticed Robin
  3591 | D:4      | Killed Robin
  3653 | D:4      | Reached skill level 5 in Armour
  3773 | D:4      | Noticed a slave
  3773 | D:4      | Noticed a slave
  3773 | D:4      | Noticed Pikel
  3775 | D:4      | Noticed a slave
  3791 | D:4      | Noticed a slave
  3793 | D:4      | Killed Pikel
  3793 | D:4      | Reached skill level 6 in Fighting
  3793 | D:4      | Reached skill level 5 in Shields
  3793 | D:4      | Reached XP level 7. HP: 58/64 MP: 7/7
  3828 | D:4      | Reached XP level 8. HP: 56/71 MP: 8/8
  4176 | D:5      | Entered Level 5 of the Dungeon
  4250 | D:5      | Found Ampid's Assorted Antiques.
  4369 | D:5      | Reached skill level 7 in Fighting
  4443 | D:5      | Killed from afar by an orc priest

Skill      XL: |  1  2  3  4  5  6  7  8 |
---------------+-------------------------+-----
Armour         | 4 5 6 |  6.1
Shields        | 4 5 6 |  6.0
Fighting       | 5 6 7 |  7.0
Short Blades   | |  7.0
Long Blades    | |  7.0
Axes           | |  7.0
Maces & Flails | |  7.0
Polearms       | |  7.0
Staves         | |  7.0
Unarmed Combat | |  7.0

Action                   |  1- 3 |  4- 6 |  7- 9 || total
-------------------------+-------+-------+-------++-------
Melee: Long sword        |   138 |   183 |       ||   321
       Whip              |       |       |    60 ||    60
Invok: Reject Sacrifices |       |       |     1 ||     1
  Use: Potion            |       |     1 |       ||     1
  Eat: Chunk             |     3 |     6 |     3 ||    12
Armor: Scale mail        |    70 |    60 |       ||   130
       Chain mail        |       |    19 |    25 ||    44
Dodge: Dodged            |    48 |    52 |    12 ||   112
Block: Shield            |    70 |    84 |    28 ||   182
